AoeStats
← 3077610

Nomad

506518249Analyzed
4v4 RM · 19d ago on Sep 13, 2026· 19m 42s· 8 players
Game mode
Random Map
Map size
231×231
Population
200
Speed
Normal
Resources
Standard
Victory
Conquest
Starting age
Dark Age
Ending age
Imperial Age
RankedLock teamsTeams togetherTeam positionsShared explorationLock speedFull tech treeHidden civsTurbo modeCheats
Victory
Defeat
🇲🇦 Bohemians · Morocco
1430
+15
🇦🇷 Spanish · Argentina
1377
+17
🇧🇷 Mongols · Brazil
1342
+19
🇷🇺 Burmese · Russia
1335
+19
🇪🇸 Persians · Spain
1640
-27
🇪🇸 Berbers · Spain
1389
-17
🇦🇷 Magyars · Argentina
1321
-14
🇪🇸 Mongols · Spain
1261
-12
No-One-Knows-Me
3:24 Loom
13:44 Feudal Age
17:51 Castle Age
15:34 Fishing Lines
16:21 Double-Bit Axe
17:28 Wheelbarrow
19:03 Bow Saw
flinT
4:42 Loom
13:02 Feudal Age
19:59 Castle Age
18:36 Double-Bit Axe
19:13 Forging
18:54 Fishing Lines
KASPER
4:18 Loom
12:54 Feudal Age
18:37 Castle Age
17:00 Padded Archer Armor
QHSZ
7:09 Loom
15:51 Feudal Age
21:21 Castle Age
天空6
12:43 Feudal Age
12:40 Loom
18:32 Castle Age
17:35 Stone Mining
3077610
3:23 Loom
4:43 Loom
14:38 Feudal Age
20:37 Castle Age
19:18 Double-Bit Axe
dapao
4:05 Loom
13:19 Feudal Age
17:36 Castle Age
15:36 Double-Bit Axe
15:33 Horse Collar
felixaleman1010
4:48 Loom
15:36 Feudal Age
16:02 Double-Bit Axe
19:37 Castle Age
18:06 Bloodlines
18:03 Scale Barding Armor
Connection lost

Rejoining the realm…

Still unreachable

The connection could not be restored.

Session expired

The server has moved on; the page needs a fresh start.